 Dungeon Crawl Stone Soup version 0.29.0-4-gdea44cf6ec (webtiles) character file.

Game seed: 3661706244940258813

165624 Zonian the Slicer (level 17, -1/133 HPs)
             Began as a Demonspawn Ice Elementalist on Aug 27, 2022.
             Was the Champion of Dithmenos.
             Killed from afar by a shock serpent (8 damage)
             ... with an electric aura
             ... on level 3 of the Snake Pit on Aug 28, 2022.
             The game lasted 02:04:20 (51257 turns).

Zonian the Slicer (Demonspawn Ice Elementalist)    Turns: 51257, Time: 02:04:21

Health: -1/133     AC: 13    Str: 10    XL:     17   Next: 28%
Magic:  27/33      EV: 22    Int: 24    God:    Dithmenos [******]
Gold:   1804       SH: 14    Dex: 25    Spells: 21/40 levels left

rFire   . . .      SeeInvis .   R - +6 rapier (flame)
rCold   + . .      Faith    .   U - +3 buckler {rC+}
rNeg    + . .      Spirit   .   o - +2 robe "Ocvadusm" {Int+6 Stlth+}
rPois   +          Reflect  +   V - +2 hat {Stlth+}
rElec   .          Harm     .   S - +2 cloak of Mirth {Fly rN+ Int-3 Dex+3}
rCorr   .          Rampage  .   (no gloves)
Will    ++...                   (boots unavailable) Stlth **++++++++
                                g - amulet of reflection
HPRegen 0.32/turn               k - +6 ring of dexterity
MPRegen 0.23/turn               I - +4 ring of evasion

@: flying, wreathed by umbra
A: hooves 3, slimy green scales 3, ignite blood 2, demonic magic 3, demonic
willpower
a: Renounce Religion, Shadow Step, Shadow Form


You were on level 3 of the Snake Pit.
You worshipped Dithmenos.
Dithmenos was exalted by your worship.
You visited 4 branches of the dungeon, and saw 25 of its levels.
You also visited: Sewer.

You collected 3040 gold pieces.
You spent 1236 gold pieces at shops.

Inventory:

Hand Weapons
 x - a +0 sling of freezing
 L - the +3 rapier of Mujias {vorpal, *Slow rF++ Will+++ Str+3}
   (You bought it in a shop on level 1 of the Dungeon)

   It inflicts extra damage upon your enemies.
   Str:       It affects your strength (+3).
   rF:        It greatly protects you from fire.
   *Slow:     It may slow you when you take damage.
   Will:      It greatly increases your willpower.
 R - a +6 rapier of flaming (weapon)
Missiles
 G - 50 poisoned darts
 Z - 5 curare-tipped darts
Armour
 a - a +0 robe
 o - the +2 robe "Ocvadusm" (worn) {Int+6 Stlth+}
   (You found it on level 2 of the Dungeon)

   Int:       It affects your intelligence (+6).
   Stlth:     It makes you more stealthy.
 v - +0 steam dragon scales
 M - a +0 helmet
 O - a +2 buckler
 S - the +2 cloak of Mirth (worn) {Fly rN+ Int-3 Dex+3}
   (You found it on level 11 of the Dungeon)

   Int:       It affects your intelligence (-3).
   Dex:       It affects your dexterity (+3).
   rN:        It protects you from negative energy.
   Fly:       It grants you flight.
 U - a +3 buckler of cold resistance (worn)
 V - a +2 hat of stealth (worn)
Jewellery
 g - an amulet of reflection (around neck)
 k - a +6 ring of dexterity (left hand)
 y - an amulet of guardian spirit
 C - a +6 ring of strength
 D - a ring of see invisible
 F - an amulet of the acrobat
 I - a +4 ring of evasion (right hand)
 K - a +4 ring of evasion
 X - a ring of see invisible
 Y - the amulet "Utexoeck" {RegenMP rElec}
   (You found it on level 13 of the Dungeon)

   [amulet of magic regeneration]

   It increases your rate of magic regeneration.
   rElec:     It insulates you from electricity.
Wands
 c - a wand of flame (17)
 e - a wand of paralysis (13)
 s - a wand of mindburst (9)
 B - a wand of quicksilver (5)
Scrolls
 f - a scroll of butterflies
 h - a scroll of silence
 i - 6 scrolls of immolation
 l - 5 scrolls of blinking
 n - 4 scrolls of enchant armour
 z - 2 scrolls of fear
 A - 2 scrolls of teleportation
 P - a scroll of magic mapping
 Q - a scroll of identify
 W - a scroll of poison
Potions
 b - 3 potions of magic
 d - a potion of invisibility
 j - 5 potions of flight
 m - 4 potions of heal wounds
 p - 4 potions of haste
 q - 3 potions of attraction
 r - 3 potions of cancellation
 u - 4 potions of mutation
 w - 8 potions of curing
 E - 5 potions of might
 J - 4 potions of lignification
 N - a potion of berserk rage
 T - 4 potions of brilliance
Miscellaneous
 t - a tin of tremorstones (2/2)
 H - a lightning rod (2/4)


   Skills:
 - Level 12.0 Fighting
 - Level 14.0 Short Blades
 + Level 2.6 Ranged Weapons
 - Level 8.0 Dodging
 - Level 8.4 Stealth
 - Level 4.0 Shields
 - Level 12.0 Spellcasting
 - Level 8.0 Conjurations
 - Level 12.0 Necromancy
 - Level 8.6 Ice Magic
 - Level 12.0 Invocations
 + Level 5.6 Evocations


You had 21 spell levels left.
You knew the following spells:

 Your Spells              Type           Power      Damage    Failure   Level
a - Freeze                Ice            100%       1d11      1%          1
b - Frozen Ramparts       Ice            100%       1d16      1%          3
c - Ozocubu's Armour      Ice            54%        N/A       1%          3
d - Hailstorm             Conj/Ice       53%        3d12      1%          4
e - Vampiric Draining     Necr           64%        2d10      1%          3
f - Agony                 Necr           64%        N/A       1%          5

Your spell library contained the following spells:

 Spells                   Type           Power      Damage    Failure   Level
 Necrotise                Necr           100%       1d9       1%          1
 Ensorcelled Hibernation  Hex/Ice        70%        N/A       1%          2
 Sublimation of Blood     Necr           64%        N/A       1%          2
 Conjure Flame            Conj/Fire      33%        6-21      3%          3
 Anguish                  Hex/Necr       21%        N/A       4%          4
 Sting                    Tmut/Pois      56%        1d5       5%          1
 Summon Small Mammal      Summ           56%        N/A       5%          1
 Iskenderun's Battlesphe  Conj           51%        2d10      5%          5
 Ice Form                 Ice/Tmut       35%        N/A       10%         4
 Sticky Flame             Conj/Fire      33%        2d5       11%         4
 Simulacrum               Ice/Necr       29%        N/A       12%         6
 Call Canine Familiar     Summ           14%        N/A       16%         3
 Ignite Poison            Fire/Tmut/Pois 14%        N/A       16%         3
 Spider Form              Tmut/Pois      14%        N/A       16%         3
 Summon Guardian Golem    Hex/Summ       14%        N/A       16%         3
 Fireball                 Conj/Fire      16%        3d8       28%         5
 Irradiate                Conj/Tmut      16%        3d17      28%         5
 Leda's Liquefaction      Hex/Erth       7%         N/A       47%         4
 Petrify                  Tmut/Erth      14%        N/A       47%         4
 Ozocubu's Refrigeration  Ice            27%        4d13      80%         7
 Lee's Rapid Deconstruct  Erth           7%         3d7*      83%         5
 Conjure Ball Lightning   Conj/Air       16%        3x3d6     85%         6
 Orb of Destruction       Conj           25%        9d9       86%         7
 Statue Form              Tmut/Erth      9%         N/A       100%        6


Dungeon Overview and Level Annotations

Branches:
Dungeon (15/15)            Temple (0/1) D:6            Lair (5/5) D:11
 Shoals (0/4) Lair:2        Snake (3/4) Lair:2        Slime (0/5) Lair:4
    Orc (2/2) D:9             Elf (0/3) Orc:2        Vaults (0/5) D:14
 Depths (0/4) D:15          Sewer (visited)

Altars:
Dithmenos
Gozag
Nemelex Xobeh
Sif Muna
Uskayaw
Wu Jian
Xom
Jiyva

Shops:
D:1 (   D:10 :   Orc:2 *:!=

Annotations:
D:3 1 runed translucent door, Crazy Yiuf, Sigmund
D:15 2 transporters, TuffENuff's ghost, journeyman FoFi
Lair:3 2 transporters, Ruicvywi's ghost, journeyman OgTm


Innate Abilities, Weirdness & Mutations

You have hooves in place of feet.
You are completely covered in slimy green scales. (AC +4, rPois)
Your demonic aura often causes spilled blood to erupt in flames.
Spells you cast and wands you use may paralyse nearby enemies.
You punish those that try to bend your will. (Will+)


Message History

The naga warrior completely misses you. The naga warrior constricts you.
* * * LOW HITPOINT WARNING * * *
Blink to where?
Press: ? - help, Dir - move target, p - naga warrior Your frozen ramparts will break if you move.
Continue?
You escape the naga warrior's grasp.
The frozen ramparts melt away as you move.
As you read the scroll of blinking, it crumbles to dust.
You feel sick. The naga warrior spits poison at you.
The splash of poison reflects off an invisible shield around you!
The splash of poison hits the naga warrior.
The naga warrior is engulfed in blazing flames.
The naga warrior spits poison at you.
The splash of poison reflects off an invisible shield around you!
The splash of poison hits the naga warrior but does no damage.
The naga warrior is poisoned.
You feel much better.
You feel sick.
You are no longer poisoned.
The naga warrior is engulfed in blazing flames.
Aiming: Thunderbolt
Press: ? - help, Shift-Dir - straight line, f - naga warrior
Aim: a naga warrior, wielding a +0 trident and wearing a +0 robe (severely wounded, strong, poisoned, catching its breath, umbra)
The thunderbolt hits the naga warrior!
The naga warrior is almost dead.
Aiming: Thunderbolt
Press: ? - help, Shift-Dir - straight line, f/p - naga warrior
Aim: a naga warrior, wielding a +0 trident and wearing a +0 robe (almost dead, strong, poisoned, catching its breath, umbra)
The thunderbolt hits the naga warrior!
You kill the naga warrior!
Dithmenos accepts your kill.
Aiming: Mindburst
Press: ? - help, Shift-Dir - straight line, f - shock serpent
Aim: a shock serpent (flame, umbra, chance to affect: 69%)
The shock serpent's mind is blasted!!
Malevolent energies surge around you.
The shock serpent's electric aura discharges violently, shocking you!
* * * LOW HITPOINT WARNING * * *
The shock serpent is engulfed in blazing flames.
The shock serpent's electric aura discharges, shocking you!
You die...

### ##@# ####
##########.####..##
.....§§§SN..#.....##
.....§§§°§§........#
..S.§§§.§§§........#
.....N.##+#......).#
....... ##....)))#
..N.... #......##
....... #......###


You could see a naga warrior (strong), a shock serpent and a naga (strong).

Vanquished Creatures
  Jorgrun (Orc:1)
  Gastronok (D:12)
  2 nagarajas (Snake:2)
  Aizul (Snake:1)
  Josephine (Lair:5)
  2 fire dragons
  6 boulder beetles
  An ice dragon (D:15)
  4 vault guards (D:14)
  2 ogre magi (D:15)
  11 hydras
  4 anacondas
  2 catoblepae
  11 naga warriors
  7 centaur warriors
  11 two-headed ogres
  2 tengu warriors
  16 naga sharpshooters
  5 shock serpents
  8 death yaks (Lair:4)
  2 sun demons (D:14)
  An orc high priest (Orc:2)
  Sonja (Lair:5)
  20 skeletal warriors
  3 sea snakes (Snake:2)
  5 naga ritualists
  A swamp dragon (Lair:5)
  A wolf spider (Lair:5)
  2 deep elf pyromancers
  11 mana vipers
  4 orc sorcerers (Orc:2)
  8 cyclopes
  20 ugly things
  2 manticores
  8 salamanders
  16 elephants
  38 black mambas
  A black mamba (shapeshifter) (D:13)
  11 naga magi
  12 cane toads
  7 guardian serpents
  2 smoke demons (D:14)
  A molten gargoyle (Lair:3)
  A gargoyle (D:14)
  2 rime drakes
  2 freezing wraiths
  2 kobold demonologists (D:11)
  8 komodo dragons
  3 tengu conjurers
  8 trolls
  9 meliai
  5 red devils (D:14)
  An efreet (D:15)
  2 polar bears
  4 hornets
  A polar bear (shapeshifter) (D:13)
  3 slime creatures
  9 blink frogs
  A vampire (D:11)
  6 wraiths
  4 shadows
  25 yaks
  20 wyverns
  A redback (Lair:5)
  7 basilisks
  3 steam dragons
  2 vampire mosquitoes (D:12)
  5 wargs
  Edmund (D:4)
  6 acid dragons
  35 nagas
  An acid dragon (shapeshifter) (D:15)
  Pargi (Sewer)
  14 water moccasins
  4 swamp drakes (Lair:5)
  2 ice beasts
  21 orc warriors
  2 black bears
  5 ogres
  3 boggarts (D:14)
  12 centaurs
  9 wolves
  2 phantoms (D:6)
  10 bullfrogs
  3 kobold brigands (D:11)
  3 scorpions
  2 gnoll sergeants (D:9)
  4 wights
  12 killer bees
  3 electric eels
  5 howler monkeys
  A lava snake (Lair:3)
  27 orc priests
  4 hounds
  A jelly (D:7)
  2 hell rats (Lair:1)
  4 iguanas
  39 orc wizards
  9 gnolls (D:9)
  10 adders
  7 river rats (Lair:1)
  A shadow imp (D:7)
  5 white imps
  3 ufetubi
  2 dart slugs (D:1)
  83 orcs
  9 endoplasms
  4 giant cockroaches
  11 goblins
  8 hobgoblins
  11 kobolds
  3 quokkas
  8 ball pythons
  3 bats
  9 frilled lizards
  5 rats
838 creatures vanquished.

Vanquished Creatures (collateral kills)
  An orc (D:4)
  A hobgoblin (D:4)
  A kobold (D:4)
3 creatures vanquished.

Vanquished Creatures (others)
  A golden eye (shapeshifter) (D:15)
  35 fungi
  68 plants
104 creatures vanquished.

Grand Total: 945 creatures vanquished

Notes
Turn   | Place    | Note
-------+----------+-------------------------------------------
     0 | D:1      | Zonian the Demonspawn Ice Elementalist began the quest for
                  | the Orb.
     0 | D:1      | Reached XP level 1. HP: 13/13 MP: 3/3
   515 | D:1      | Gained mutation: You have large cloven feet. [demonic
                  | ancestry]
   515 | D:1      | Reached XP level 2. HP: 15/19 MP: 0/5
   905 | D:1      | Found a faded altar of an unknown god.
   911 | D:1      | Got Plato's Reference Book on the Figure
  1305 | D:1      | Found Zarch's Antique Weapon Boutique.
  1846 | D:2      | Gained mutation: Spells you cast may paralyse adjacent
                  | enemies. [demonic ancestry]
  1846 | D:2      | Reached XP level 3. HP: 21/24 MP: 4/6
  1850 | D:2      | Learned a level 3 spell: Frozen Ramparts
  1854 | D:2      | Learned a level 3 spell: Ozocubu's Armour
  2417 | D:2      | HP: 1/24 [worm (9)]
  4109 | D:2      | Identified the +2 robe "Ocvadusm" {Int+6 Stlth+}
  4226 | D:2      | Gained mutation: You are partially covered in slimy green
                  | scales. (AC +2) [demonic ancestry]
  4226 | D:2      | Reached XP level 4. HP: 30/30 MP: 6/8
  4439 | D:2      | Gained mutation: Spells you cast may paralyse nearby
                  | enemies. [demonic ancestry]
  4439 | D:2      | Reached XP level 5. HP: 35/35 MP: 9/9
  4928 | D:3      | Noticed Sigmund
  5640 | D:3      | Found a runed translucent door.
  5641 | D:3      | Noticed Crazy Yiuf
  5765 | D:3      | Found a shadowy altar of Dithmenos.
  5768 | D:3      | Became a worshipper of Dithmenos the Shadowed
  5845 | D:3      | Found a hide-covered altar of Uskayaw.
  5961 | D:3      | Found a sparkling altar of Nemelex Xobeh.
  6004 | D:3      | Found a shimmering blue altar of Sif Muna.
  6233 | D:4      | Noticed Edmund
  6240 | D:4      | Killed Edmund
  6241 | D:4      | Reached skill level 1 in Short Blades
  6241 | D:4      | Gained mutation: Your demonic aura sometimes causes spilled
                  | blood to erupt in flames. [demonic ancestry]
  6241 | D:4      | Reached XP level 6. HP: 18/41 MP: 3/11
  7162 | D:4      | Reached skill level 2 in Short Blades
  7243 | D:5      | Entered Level 5 of the Dungeon
  7589 | D:5      | Reached XP level 7. HP: 45/46 MP: 8/12
  7806 | D:5      | Reached * piety under Dithmenos
  7807 | D:5      | Reached skill level 3 in Short Blades
  8554 | D:6      | Found a staircase to the Ecumenical Temple.
  8617 | D:6      | Found a glowing drain.
  8644 | Sewer    | Entered a sewer
  8786 | Sewer    | Noticed Pargi
  8791 | Sewer    | Killed Pargi
  8792 | Sewer    | Reached skill level 4 in Short Blades
  9519 | D:6      | Reached skill level 5 in Short Blades
  9519 | D:6      | Gained mutation: You are mostly covered in slimy green
                  | scales. (AC +3) [demonic ancestry]
  9519 | D:6      | Reached XP level 8. HP: 43/52 MP: 7/13
 10533 | D:7      | Reached skill level 6 in Short Blades
 11728 | D:7      | Reached skill level 7 in Short Blades
 11959 | D:7      | Found an ornate altar of the Wu Jian Council.
 12066 | D:6      | Gained mutation: Your demonic aura often causes spilled
                  | blood to erupt in flames. [demonic ancestry]
 12066 | D:6      | Reached XP level 9. HP: 39/51 MP: 5/14
 12465 | D:7      | Found a shimmering altar of Xom.
 12636 | D:7      | Identified 2 scrolls of acquirement
 12636 | D:7      | Acquired the +2 pair of boots "Raegad" {rPois}
 12653 | D:7      | Acquired 864 gold pieces
 12897 | D:8      | Reached ** piety under Dithmenos
 13955 | D:8      | Reached skill level 8 in Short Blades
 15328 | D:9      | Reached skill level 9 in Short Blades
 15609 | D:9      | Found a staircase to the Orcish Mines.
 15876 | D:9      | Reached XP level 10. HP: 54/63 MP: 9/15
 15991 | D:9      | Reached *** piety under Dithmenos
 16071 | D:8      | Found an opulent altar of Gozag.
 16443 | D:10     | Entered Level 10 of the Dungeon
 16682 | D:10     | Noticed a two-headed ogre
 16690 | D:10     | Killed a two-headed ogre
 16691 | D:10     | Reached skill level 10 in Short Blades
 17002 | D:10     | Noticed a two-headed ogre
 17014 | D:10     | Killed a two-headed ogre
 17105 | D:10     | Noticed a two-headed ogre
 17118 | D:10     | Killed a two-headed ogre
 17402 | D:10     | Reached skill level 11 in Short Blades
 17647 | D:10     | Noticed a two-headed ogre
 17792 | D:10     | Killed a two-headed ogre
 18204 | D:10     | Found Paosethy's Book Shop.
 18505 | D:11     | Noticed a six-headed hydra
 18518 | D:11     | Killed a six-headed hydra
 18804 | D:11     | Noticed a two-headed ogre
 18974 | D:11     | Killed a two-headed ogre
 18975 | D:11     | Reached skill level 1 in Shields
 18975 | D:11     | Gained mutation: Spells you cast and wands you use may
                  | paralyse nearby enemies. [demonic ancestry]
 18975 | D:11     | Reached XP level 11. HP: 60/68 MP: 8/16
 19616 | D:11     | Identified the +2 cloak of Mirth {Fly rN+ Int-3 Dex+3}
 19669 | D:11     | Found a staircase to the Lair.
 19683 | D:11     | Reached skill level 12 in Short Blades
 20696 | D:12     | Noticed a six-headed hydra
 20699 | D:12     | Killed a six-headed hydra
 21141 | D:12     | Noticed Gastronok
 21147 | D:12     | Killed Gastronok
 21148 | D:12     | Reached skill level 13 in Short Blades
 21210 | D:12     | Noticed a seven-headed hydra
 21852 | D:13     | Noticed a centaur warrior
 21869 | D:13     | Killed a centaur warrior
 21870 | D:13     | Reached skill level 14 in Short Blades
 21870 | D:13     | Gained mutation: You have hoof-like feet. [demonic
                  | ancestry]
 21870 | D:13     | Reached XP level 12. HP: 44/78 MP: 7/17
 22437 | D:13     | Identified the amulet "Utexoeck" {RegenMP rElec}
 22629 | D:12     | Killed a seven-headed hydra
 22644 | D:12     | Reached skill level 5 in Fighting
 22895 | Lair:1   | Entered Level 1 of the Lair of Beasts
 22953 | Lair:1   | You are sucked into a shaft and drop 1 floor!
 23002 | Lair:1   | Reached **** piety under Dithmenos
 23948 | Lair:1   | Noticed a six-headed hydra
 23954 | Lair:1   | Killed a six-headed hydra
 24387 | Lair:2   | Noticed a seven-headed hydra
 24399 | Lair:2   | Killed a seven-headed hydra
 24402 | Lair:2   | Found a staircase to the Snake Pit.
 24688 | Lair:2   | Found a staircase to the Shoals.
 24764 | Lair:3   | Noticed Ruicvywi's ghost (journeyman OgTm)
 24767 | Lair:3   | Found an ornate altar of the Wu Jian Council.
 24768 | Lair:3   | Noticed a boulder beetle
 24773 | Lair:3   | Found a hide-covered altar of Uskayaw.
 24848 | Lair:3   | Killed a boulder beetle
 25190 | Lair:3   | Noticed a seven-headed hydra
 25281 | Lair:3   | Found the +8 demon trident "Rift" {distort, reach+}
 25285 | Lair:3   | Noticed a four-headed hydra
 25294 | Lair:3   | Found a transporter.
 25296 | Lair:3   | Found a transporter.
 25363 | Lair:3   | Reached skill level 10 in Fighting
 25377 | Lair:3   | Reached ***** piety under Dithmenos
 25745 | Lair:3   | Noticed a catoblepas
 26033 | Lair:3   | Gained mutation: You are completely covered in slimy green
                  | scales. (AC +4, rPois) [demonic ancestry]
 26033 | Lair:3   | Reached XP level 13. HP: 104/104 MP: 18/18
 26361 | Lair:4   | Found a staircase to the Slime Pits.
 26361 | Lair:4   | Found a viscous altar of Jiyva.
 26683 | Lair:4   | Reached skill level 1 in Evocations
 27608 | Lair:5   | Entered Level 5 of the Lair of Beasts
 27666 | Lair:5   | Noticed Sonja
 27671 | Lair:5   | Reached skill level 5 in Invocations
 27716 | Lair:5   | Noticed Josephine
 27723 | Lair:5   | Killed Sonja
 28209 | Lair:5   | Learned a level 4 spell: Hailstorm
 28234 | Lair:5   | Reached skill level 1 in Conjurations
 28588 | Lair:5   | Gained mutation: You have hooves in place of feet. [demonic
                  | ancestry]
 28588 | Lair:5   | Reached XP level 14. HP: 65/115 MP: 12/21
 28694 | Lair:5   | Reached skill level 5 in Spellcasting
 28830 | Lair:5   | Killed Josephine
 29091 | Lair:5   | Reached skill level 5 in Conjurations
 29260 | Lair:5   | Reached ****** piety under Dithmenos
 32519 | D:1      | Bought an ancient rapier for 162 gold pieces
 32519 | D:1      | Identified the +3 rapier of Mujias {vorpal, *Slow rF++
                  | Will+++ Str+3} (You bought it in a shop on level 1 of the
                  | Dungeon)
 32693 | D:10     | Bought a book of Necromancy for 408 gold pieces
 32697 | D:10     | Learned a level 3 spell: Vampiric Draining
 32820 | D:12     | Reached skill level 1 in Necromancy
 34102 | D:14     | Found a sparkling altar of Nemelex Xobeh.
 34384 | D:14     | Reached XP level 15. HP: 120/120 MP: 24/27
 34422 | D:14     | Found a gate to the Vaults.
 35347 | D:15     | Entered Level 15 of the Dungeon
 35361 | D:15     | Found a transporter.
 35364 | D:15     | Noticed TuffENuff's ghost (journeyman FoFi)
 35899 | D:14     | Reached skill level 10 in Invocations
 35928 | D:14     | Reached skill level 5 in Necromancy
 38360 | D:15     | Found a transporter.
 38375 | D:15     | Identified the +6 quarterstaff of Moderation {flame, rN++
                  | Stlth+}
 39167 | D:15     | Reached skill level 10 in Spellcasting
 40979 | D:15     | Found a staircase to the Depths.
 41021 | D:15     | Noticed a frost giant
 41021 | D:15     | an eight-headed hydra changed into a frost giant
 41586 | Orc:1    | Entered Level 1 of the Orcish Mines
 41586 | Orc:1    | Noticed Jorgrun
 41589 | Orc:1    | Killed Jorgrun
 42074 | Orc:1    | Gained mutation: You punish those that try to bend your
                  | will. (Will+) [demonic ancestry]
 42074 | Orc:1    | Reached XP level 16. HP: 127/127 MP: 27/31
 42261 | Orc:2    | Entered Level 2 of the Orcish Mines
 42263 | Orc:2    | Found a staircase to the Elven Halls.
 42897 | Orc:2    | Found Qezog's Distillery.
 42897 | Orc:2    | Found Ceiminuo's Assorted Antiques.
 42897 | Orc:2    | Found Rifutae's Book Boutique.
 42900 | Orc:2    | Found Yvotaosch's Jewellery Shop.
 42914 | Orc:2    | Bought a potion of heal wounds for 90 gold pieces
 42914 | Orc:2    | Bought a potion of curing for 54 gold pieces
 42914 | Orc:2    | Bought a potion of heal wounds for 90 gold pieces
 42914 | Orc:2    | Bought a potion of haste for 180 gold pieces
 42914 | Orc:2    | Bought a potion of curing for 54 gold pieces
 42914 | Orc:2    | Bought a potion of curing for 54 gold pieces
 42915 | Orc:2    | Bought a scroll of teleportation for 72 gold pieces
 42915 | Orc:2    | Bought a scroll of teleportation for 72 gold pieces
 44074 | Snake:1  | Entered Level 1 of the Snake Pit
 45554 | Snake:1  | Noticed Aizul
 45564 | Snake:1  | Killed Aizul
 46148 | Snake:1  | Reached skill level 5 in Dodging
 46320 | Snake:1  | Learned a level 5 spell: Agony
 48260 | Snake:2  | Reached skill level 10 in Necromancy
 49463 | Snake:2  | Reached XP level 17. HP: 54/133 MP: 20/33
 50798 | Snake:2  | Reached skill level 1 in Ranged Weapons
 50942 | Snake:2  | Reached skill level 5 in Evocations
 51257 | Snake:3  | HP: 6/133 [shock serpent/electric aura (17)]
 51257 | Snake:3  | Killed from afar by a shock serpent

Illustrated notes

Levels and vault maps discovered:
D:1:      lemuel_arrival_broad_hall, layout_basic, serial_shops, shop,
          shapermc_ecumenical_altar_rom_forum
D:2:      layout_basic, kennysheep_generic_room_15
D:3:      layout_basic, mainiacjoe_overflow_boulevard,
          grunt_dithmenos_smoke_and_mirrors, nicolae_uskayaw_suspiria,
          mainiacjoe_overflow_alcove_4, uniq_sigmund, uniq_crazy_yiuf_cottage
D:4:      layout_gridville, uniq_edmund
D:5:      layout_basic
D:6:      layout_layer_cave, minmay_temple_entry_enclosed_plants,
          portal_sewer_entry_a
D:7:      layout_gridville, nzn_wu_jian_council_hall, tgw_xom
D:8:      layout_gridville, marbit_many_paths
D:9:      layout_basic, orc_0_dummy
D:10:     layout_layer_cave, serial_shops, kennysheep_mini
D:11:     layout_gridville, erik_lair_orcish_takeover
D:12:     minmay_bloctagon, layout_basic, kennysheep_windowed_goal,
          uniq_gastronok
D:13:     layout_irregular_city, gauntlet_entry_generic
D:14:     cheibrodos_quadrivalence, layout_loops_ring,
          lightli_vaults_fourway_checkpoint, nemelex_xobeh_ov_fountains_minmay
D:15:     grunt_enter_depths_hoard, layout_cave_pods, reono_crystal_passage,
          gammafunk_ghost_arena
Lair:1:   layout_small_grid, kennysheep_rathole, grunt_megastairs_5,
          lemuel_fruit_tree, infiniplex_staircase_pool, serial_bayou_shore_a
Lair:2:   layout_hall_layers, shoals_dummy_entry,
          minmay_snake_entry_guardpost_small, nicolae_volcano_entry_lava_flow
Lair:3:   layout_gridlike, nzn_ghost_randoct, nzn_masters_of_martial_movement
Lair:4:   layout_regular_city, slime_entry_1, serial_bayou_lagoon_a
Lair:5:   hangedman_lair_tendril_chambers, layout_long_grid,
          guppyfry_lair_end_dragon, uniq_sonja, uniq_josephine
Snake:1:  layout_gridlike, uniq_aizul
Snake:2:  nicolae_snake_shooting_gallery, layout_grid_shapes, grunt_megastairs_1
Snake:3:  layout_cave_town, nicolae_snake_boneroom, serial_bayou_shore_b,
          uniq_bai_suzhen, uniq_kirke
Orc:1:    layout_caves, nicolae_orc_crystal_geode, uniq_jorgrun
Orc:2:    st_orc_mages, layout_caves

Skill      XL: |  1  2  3  4  5  6  7  8  9 10 11 12 13 14 15 16 17 |
---------------+----------------------------------------------------+-----
Ice Magic      | 4 8 |  8.6
Stealth        | 2 8 |  8.4
Spellcasting   | 3 4 8 11 12 | 12.0
Short Blades   | 1 2 5 7 9 11 14 | 14.0
Shields        | 1 4 |  4.0
Fighting       | 2 10 12 | 12.0
Evocations     | 4 5 |  5.6
Invocations    | 8 9 12 | 12.0
Conjurations   | 3 8 |  8.0
Necromancy     | 3 8 11 12 | 12.0
Dodging        | 8 |  8.0
Ranged Weapons | 2 |  2.6

Action                   |  1- 3 |  4- 6 |  7- 9 | 10-12 | 13-15 | 16-18 || total
-------------------------+-------+-------+-------+-------+-------+-------++-------
Melee: Unarmed           |     1 |       |       |       |       |       ||     1
       Dagger            |    31 |    79 |   293 |       |       |       ||   403
       Kick              |     7 |     9 |    75 |       |   348 |   183 ||   622
       Punch             |       |     1 |     4 |       |       |       ||     5
       Rapier            |       |       |    27 |   387 |   957 |   454 ||  1825
 Fire: Sling             |       |       |       |       |       |    44 ||    44
Throw: Dart              |       |       |       |       |     2 |     1 ||     3
 Cast: Freeze            |    59 |     6 |    21 |     3 |       |     4 ||    93
       Frozen Ramparts   |       |     4 |    23 |    27 |    50 |    27 ||   131
       Ozocubu's Armour  |       |     2 |     4 |    10 |    29 |     9 ||    54
       Hailstorm         |       |       |       |       |     6 |    51 ||    57
       Vampiric Draining |       |       |       |       |       |    13 ||    13
       Agony             |       |       |       |       |       |     5 ||     5
Invok: Shadow Form       |       |       |       |       |     1 |       ||     1
Evoke: Wand              |       |       |     2 |    11 |    22 |    10 ||    45
       Lightning rod     |       |       |       |       |     4 |    11 ||    15
       Tin of tremorston |       |       |       |       |     3 |     2 ||     5
  Use: Scroll            |       |    11 |    11 |    13 |    13 |     6 ||    54
       Potion            |       |     1 |       |     1 |     6 |     8 ||    16
 Stab: Paralysed         |     3 |     2 |    20 |    15 |    17 |    34 ||    91
       Sleeping          |     1 |    13 |    20 |    37 |    49 |    30 ||   150
       Distracted        |       |       |       |     3 |    10 |     8 ||    21
       Confused          |       |       |       |       |     1 |       ||     1
Armor: Robe              |    12 |    25 |    59 |    75 |   181 |    59 ||   411
Dodge: Dodged            |    39 |    20 |   134 |   213 |   408 |   202 ||  1016
Block: Buckler           |       |       |       |    68 |   199 |   227 ||   494
       Reflection        |       |       |       |       |       |    43 ||    43
